 Dungeon Crawl Stone Soup version 0.27.1-34-g3ba077fa99 (webtiles) character file.

Game seed: 3847012850237596617

698 eustatius the Slasher (level 7, -4/61 HPs)
             Began as a Minotaur Monk on Jan 3, 2022.
             Was an Initiate of Ru.
             Slain by an ogre (7 damage)
             ... on level 4 of the Dungeon.
             The game lasted 00:37:02 (3958 turns).

eustatius the Slasher (Minotaur Monk)               Turns: 3958, Time: 00:37:03

Health: -4/61      AC: 16    Str: 17    XL:     7   Next: 38%
Magic:  6/6        EV:  2    Int:  7    God:    Ru [......]
Gold:   119        SH:  0    Dex: 13    Spells: 6/6 levels left

rFire    . . .     SeeInvis .   a - +0 falchion
rCold    . . .     Faith    .   (no shield)
rNeg     . . .     Spirit   .   u - +0 crystal plate armour
rPois    .         Reflect  .   (helmet restricted)
rElec    .         Harm     .   (no cloak)
rCorr    .         Rampage  .   (no gloves)
Will     .....                  (no boots)
Stlth    ..........             (no amulet)
HPRegen  0.20/turn              (no ring)
MPRegen  0.10/turn              (no ring)

@: no status effects
A: horns 2, retaliatory headbutt
a: Renounce Religion, Sacrifice Love, Sacrifice Words, Sacrifice Experience,
Reject Sacrifices


You were on level 4 of the Dungeon.
You worshipped Ru.
Ru was noncommittal.
You visited 1 branch of the dungeon, and saw 4 of its levels.

You collected 119 gold pieces.

Inventory:

Hand Weapons
 a - a +0 falchion (weapon)
 g - a +2 whip of venom
 p - a +0 scythe
 t - a +0 whip
Missiles
 j - 64 bolts
 l - 47 arrows
Armour
 f - a +0 ring mail
 i - a +0 leather armour
 u - a +0 crystal plate armour (worn)
Scrolls
 c - 3 scrolls of identify {unknown}
 d - 2 scrolls of noise {unknown}
 h - 2 scrolls of enchant weapon {unknown}
 n - a scroll of fear {unknown}
Potions
 b - a potion of brilliance {unknown}
 e - a potion of attraction {unknown}
 m - a potion of might {unknown}
 o - a potion of ambrosia {unknown}
 s - a potion of cancellation {unknown}


   Skills:
 + Level 5.1 Fighting
 * Level 7.9 Long Blades
 + Level 4.1 Armour
 + Level 4.2 Dodging
 + Level 2.2 Stealth


You had 6 spell levels left.
You didn't know any spells.
Your spell library contained the following spells:

 Spells                   Type           Power      Damage    Failure   Level
 Ozocubu's Armour         Ice            0%         N/A       100%        3
 Metabolic Englaciation   Hex/Ice        0%         N/A       100%        5
 Simulacrum               Ice/Necr       0%         N/A       100%        6


Dungeon Overview and Level Annotations

Branches:
Dungeon (4/15)
 Temple: D:4-7

Altars:
Ru


Innate Abilities, Weirdness & Mutations

You have a pair of horns on your head.
You reflexively headbutt those who attack you in melee.


Message History

There are no items here.
Things that are here:
a +0 short sword; a +0 robe; an orc corpse
Found a stone staircase leading up.
There is a stone staircase leading up here.
Found a stone staircase leading down.
An ogre comes into view. It is wielding a +0 giant club.
The ogre shouts!
You hit the ogre.
The ogre is lightly wounded.
The ogre hits you with a +0 giant club. The ogre hits you but does no damage.
The ogre hits you with a +0 giant club!
You hit the ogre.
The ogre is moderately wounded.
You slash the ogre!
The ogre is heavily wounded.
The ogre hits you with a +0 giant club.
You hit the ogre.
The ogre is severely wounded.
The ogre hits you with a +0 giant club!
Your crystal plate armour prevents you from hitting the ogre.
The ogre is severely wounded.
You closely miss the ogre.
The ogre is severely wounded.
The ogre hits you with a +0 giant club!
* * * LOW HITPOINT WARNING * * *
Your crystal plate armour prevents you from hitting the ogre.
The ogre is severely wounded.
The ogre hits you with a +0 giant club!
* * * LOW HITPOINT WARNING * * *
You feel much better.
The ogre hits you with a +0 giant club!!
* * * LOW HITPOINT WARNING * * *
You hit the ogre but do no damage. You headbutt the ogre.
The ogre is severely wounded.
The ogre hits you with a +0 giant club!
* * * LOW HITPOINT WARNING * * *
The ogre hits you with a +0 giant club!
You die...

#.# #.# ### ##.## #..
##>..## #.# #.....# #.#
#.####...###### #.#
#............###.#
#.#####.###.#.O...# #.#
#..@##### #.# ##### #.#
######### #.# #.......# #.#
#.#####.# #.###### #.# #.#
####.....[###.#####.# ##
##.................#.# #.
######.###...##.###.###.#.#
# #.


You could see an ogre.

Vanquished Creatures
  Grinder (D:3)
  Sigmund (D:2)
  A water moccasin zombie (D:4)
  A howler monkey (D:3)
  An iguana (D:4)
  2 orc wizards
  A hound skeleton (D:4)
  5 adders
  A worm (D:3)
  3 dart slugs
  7 orcs
  2 ball pythons
  8 bats
  3 endoplasms
  2 giant cockroaches (D:2)
  11 goblins
  10 hobgoblins
  14 jackals
  3 quokkas
  3 frilled lizards
  2 kobolds
  5 rats
87 creatures vanquished.

Vanquished Creatures (others)
  15 plants (D:3)
15 creatures vanquished.

Grand Total: 102 creatures vanquished

Notes
Turn   | Place    | Note
-------+----------+-------------------------------------------
     0 | D:1      | eustatius the Minotaur Monk began the quest for the Orb.
     0 | D:1      | Reached XP level 1. HP: 19/19 MP: 0/0
   147 | D:1      | Reached skill level 4 in Long Blades
   148 | D:1      | Reached XP level 2. HP: 24/27 MP: 1/1
   233 | D:1      | Reached XP level 3. HP: 17/33 MP: 2/2
  1010 | D:2      | Reached skill level 1 in Armour
  1090 | D:2      | Noticed Sigmund
  1099 | D:2      | Killed Sigmund
  1100 | D:2      | Reached skill level 6 in Long Blades
  1100 | D:2      | Reached XP level 4. HP: 30/41 MP: 3/3
  1100 | D:2      | Reached XP level 5. HP: 35/47 MP: 4/4
  1958 | D:3      | Reached XP level 6. HP: 10/53 MP: 5/5
  2808 | D:3      | Found a faded altar of an unknown god.
  2819 | D:3      | Became a worshipper of Ru the Awakened
  3044 | D:3      | Noticed Grinder
  3048 | D:3      | Paralysed by Grinder for 7 turns
  3088 | D:3      | Killed Grinder
  3089 | D:3      | Reached skill level 7 in Long Blades
  3089 | D:3      | Reached XP level 7. HP: 50/60 MP: 6/6
  3483 | D:4      | Reached skill level 5 in Fighting
  3954 | D:4      | HP: 3/61 [ogre (16)]
  3958 | D:4      | Slain by an ogre

Illustrated notes

Levels and vault maps discovered:
D:1:      kennysheep_arrival_forest, layout_rooms
D:2:      layout_loops_corners, dk_noncrumbling_2, grunt_ministairs_4,
          uniq_sigmund
D:3:      layout_loops_ring, dilly_ecumenical_altar_fadedgnrine, serial_forest,
          infiniplex_forest_clump_medium, infiniplex_forest_3_way,
          infiniplex_forest_clump_diagonal, infiniplex_forest_clump_double,
          infiniplex_forest_lined_4_way, infiniplex_forest_lined_3_way,
          infiniplex_forest_end_3, minmay_misc_feat_secret_circle,
          grunt_ministairs_15, st_stairs_10, uniq_grinder
D:4:      minmay_chambers_of_threes, layout_loops_corners, minivault_27

Skill      XL: |  1  2  3  4  5  6  7 |
---------------+----------------------+-----
Long Blades    | 4 6 7 |  7.9
Fighting       | 4 5 |  5.1
Armour         | 2 3 4 |  4.1
Stealth        | 2 |  2.2
Dodging        | 4 |  4.2

Action                   |  1- 3 |  4- 6 |  7- 9 || total
-------------------------+-------+-------+-------++-------
Melee: Falchion          |    78 |    94 |    55 ||   227
       Headbutt          |    11 |    14 |    12 ||    37
  Use: Potion            |       |     3 |     1 ||     4
 Stab: Sleeping          |     2 |     1 |       ||     3
Armor: Ring mail         |    38 |    24 |       ||    62
       Robe              |     1 |       |       ||     1
       Crystal plate arm |       |    34 |    47 ||    81
Dodge: Dodged            |    58 |    22 |     5 ||    85
       Rpst.: Falchion   |    16 |     4 |     3 ||    23
